 Dungeon Crawl Stone Soup version 0.21.1-1-g345015f (webtiles) character file.

139 inc the Chiller (level 5, 19/21 HPs)
             Began as a Felid Ice Elementalist on Feb 23, 2018.
             Quit the game on level 4 of the Dungeon.
             The game lasted 00:06:42 (2902 turns).

inc the Chiller (Felid Ice Elementalist)            Turns: 2902, Time: 00:06:42

Health: 19/21      AC:  1    Str:  4    XL:     5   Next: 1%
Magic:  1/9        EV: 18    Int: 17    God:
Gold:   211        SH:  0    Dex: 17    Spells: 7/8 levels left
                                        Lives:  0   Deaths: 1

rFire    . . .     SeeInvis +   (weapon unavailable)
rCold    . . .     Gourm    .   (shield unavailable)
rNeg     . . .     Faith    .   (armour unavailable)
rPois    .         Spirit   .   (helmet unavailable)
rElec    .         Reflect  .   (cloak unavailable)
rCorr    .         Harm     .   (gloves unavailable)
MR       .....                  (boots unavailable)
Stlth    +++.......             (no amulet)
HPRegen  0.07/turn              (no ring)
MPRegen  0.11/turn              (no ring)

@: quick
A: very small, no armour, no weapons or thrown items, stealth, claws 1, fangs 3,
see invisible, carnivore, speed 1, shaggy fur 1, slow metabolism 1, sharp paws
a: no special abilities


You were on level 4 of the Dungeon.
You were not hungry.

You visited 1 branch of the dungeon, and saw 4 of its levels.

You collected 211 gold pieces.

Inventory:

Jewellery
 l - an uncursed ring of flight {unknown}
 p - a cursed ring of loudness {unknown}
Wands
 j - a wand of digging (8)
Scrolls
 c - 2 scrolls of teleportation {unknown}
 d - 3 scrolls of remove curse {unknown}
 f - a scroll of enchant weapon {unknown}
 g - a scroll of fear {unknown}
 h - 2 scrolls of noise {unknown}
 m - 2 scrolls of identify {unknown}
 n - 2 scrolls of enchant armour {unknown}
Potions
 e - a potion of haste {unknown}
 i - 2 potions of curing {unknown}
 k - a potion of flight {unknown}
 o - a potion of lignification {unknown}
 q - 2 potions of ambrosia {unknown}
Books
 a - a book of Frost

   Spells                             Type                      Level
   a - Freeze                         Ice                          1
   b - Throw Frost                    Conjuration/Ice              2
   c - Ozocubu's Armour               Charms/Ice                   3
   d - Throw Icicle                   Conjuration/Ice              4
   e - Summon Ice Beast               Ice/Summoning                4
Comestibles
 b - 3 rations


   Skills:
 - Level 2.6 Dodging
 - Level 2.6 Stealth
 - Level 2.0 Spellcasting
   Level 0.8 Conjurations
 + Level 5.7 Ice Magic


You had 7 spell levels left.
You knew the following spells:

 Your Spells              Type           Power        Failure   Level  Hunger
a - Freeze                Ice            ###.         1%          1    #......


Dungeon Overview and Level Annotations

Branches:
Dungeon (4/15)
 Temple: D:4-7

Altars:
Gozag
Makhleb


Innate Abilities, Weirdness & Mutations

You cannot wear armour.
You are incapable of wielding weapons or throwing items.
Your paws allow you to move quietly. (Stealth)
You have sharp claws.
You have razor-sharp teeth.
You have supernaturally acute eyesight. (SInv)
You are carnivorous and can eat meat at any time.
You cover ground quickly.
You are covered in fur. (AC +1)
You have a slow metabolism.
Your sharp claws are effective at attacking unaware monsters.


Message History

Aiming: Freeze
Press: ? - help, Shift-Dir - straight line, f/p - ogre
Aim: an ogre, wielding a +0 giant club (almost dead)
You freeze the ogre.
The ogre is almost dead.
Casting: Freeze
Confirm with . or Enter, or press ? or * to list all spells.
Aiming: Freeze
Press: ? - help, Shift-Dir - straight line, f/p - ogre
Aim: an ogre, wielding a +0 giant club (almost dead)
You freeze the ogre.
You kill the ogre!
Welcome back to level 4!
You have reached level 5!
You feel agile.
Things that are here:
a +0 giant club; an ogre corpse You start resting.
A jackal comes into view.
Are you sure you want to abandon this character and quit the game? (Confirm with "yes".)

.........####......
.........# ......
###......# ......
........## ....
........†.# ....
.....####.###.....
#########.........
#...........h....
###.....@..........
#..................
#.............#..$.
.............#h#...h
..##.........#......
. ............... .h
.####.####..... . ..
..... ... .....


You could see 2 jackals.

Vanquished Creatures
  An ogre (D:4)
  2 orc wizards (D:3)
  3 dart slugs
  3 leopard geckos
  3 orcs (D:3)
  2 ball pythons
  6 bats
  2 giant cockroaches (D:2)
  5 hobgoblins
  7 jackals
  2 quokkas
  3 frilled lizards
  4 goblins
  4 kobolds
  8 rats
55 creatures vanquished.

Notes
Turn   | Place    | Note
-------+----------+-------------------------------------------
     0 | D:1      | inc the Felid Ice Elementalist began the quest for the Orb.
     0 | D:1      | Reached XP level 1. HP: 7/7 MP: 4/4
   128 | D:1      | Reached skill level 3 in Ice Magic
   419 | D:1      | Reached XP level 2. HP: 11/11 MP: 4/6
  1410 | D:2      | Reached XP level 3. HP: 14/14 MP: 2/7
  1683 | D:2      | Reached skill level 4 in Ice Magic
  2511 | D:3      | Reached XP level 4. HP: 18/18 MP: 0/8
  2594 | D:3      | Reached skill level 5 in Ice Magic
  2649 | D:3      | Found an opulent altar of Gozag.
  2685 | D:3      | Found a burning altar of Makhleb.
  2882 | D:4      | Noticed an ogre
  2889 | D:4      | Slain by an ogre
  2890 | D:4      | Reached XP level 3. HP: -4/14 MP: 7/7
  2899 | D:4      | Killed an ogre
  2899 | D:4      | Reached XP level 4. HP: 16/18 MP: 0/8
  2899 | D:4      | Reached XP level 5. HP: 19/21 MP: 0/9
  2902 | D:4      | Quit the game

Skill      XL: |  1  2  3  4 |
---------------+-------------+-----
Ice Magic      | 3 4 5 |  5.7
Dodging        | |  2.6
Stealth        | |  2.6
Spellcasting   | |  2.0
Conjurations   | |  0.8

Action                   |  1- 3 |  4- 6 || total
-------------------------+-------+-------++-------
Melee: Unarmed           |    22 |     2 ||    24
       Bite              |     1 |       ||     1
 Cast: Freeze            |    81 |     8 ||    89
 Stab: Sleeping          |     6 |     1 ||     7
  Eat: Chunk             |     5 |       ||     5
Armor: Skin              |     9 |       ||     9
Dodge: Dodged            |    80 |     3 ||    83
